 Dungeon Crawl Stone Soup version 0.31.0-9-g3a7656b989 (webtiles) character file.

Game seed: 17053917667345800436

33 Arcadio the Sneak (level 3, -4/31 HPs)
             Began as an Armataur Delver on Jan 24, 2024.
             Was an Initiate of Okawaru.
             Killed from afar by a white imp (9 damage)
             ... with a puff of frost
             ... on level 4 of the Dungeon.
             The game lasted 00:03:12 (1068 turns).

Arcadio the Sneak (Armataur Delver)                 Turns: 1068, Time: 00:03:13

Health: -4/31      AC:  4    Str: 19    XL:     3   Next: 12%
Magic:  3/3        EV:  9    Int: 10    God:    Okawaru [......]
Gold:   102        SH:  0    Dex: 11    Spells: 2/2 levels left

rFire   . . .        a - +0 mace
rCold   . . .        (no shield)
rNeg    . . .        b - +0 leather armour
rPois   .            (no helmet)
rElec   .            (no cloak)
rCorr   .            (no gloves)
SInv    .            (no barding)
Will    .....        (no amulet)
Stlth   +++          (no ring)
HPRegen 0.25/turn    (no ring)
MPRegen 0.08/turn

%: roll
@: no status effects
A: large, deformed body, tough skin 3, armoured tail, roll 1
a: Renounce Religion


You were on level 4 of the Dungeon.
You worshipped Okawaru.
Okawaru was noncommittal.
You visited 2 branches of the dungeon, and saw 4 of its levels.

You collected 102 gold pieces.

Inventory:

Hand Weapons
 a - a +0 mace (weapon)
Armour
 b - a +0 leather armour (worn)
Wands
 g - a wand of digging (3)
Scrolls
 c - a scroll of fog
 d - a scroll of revelation
 e - a scroll of fear
 i - a scroll of amnesia {unknown}
 j - a scroll of teleportation {unknown}
 l - 2 scrolls of immolation {unknown}
 p - a scroll of enchant armour {unknown}
 q - 2 scrolls of identify {unknown}
Potions
 f - a potion of haste
 h - a potion of might {unknown}
 k - a potion of magic {unknown}
 m - a potion of cancellation {unknown}
 n - a potion of berserk rage {unknown}
 o - a potion of ambrosia {unknown}
 r - a potion of curing {unknown}
 s - a potion of degeneration {unknown}


   Skills:
 + Level 3.0 Fighting
 + Level 2.2 Maces & Flails
 + Level 1.7 Dodging
 + Level 5.8 Stealth


You had 2 spell levels left.
You didn't know any spells.
Your spell library contained the following spells:

 Spells                   Type           Power      Damage    Failure   Level
 Freeze                   Ice            0%         1d3       41%         1
 Scorch                   Fire           0%         2d5       56%         2
 Frozen Ramparts          Ice            0%         1d1       80%         3
 Hailstorm                Conj/Ice       0%         3d5       80%         3
 Flame Wave               Conj/Fire      0%         2d4       99%         4
 Summon Cactus Giant      Summ           Unusable   N/A       N/A         6

Dungeon Overview and Level Annotations

Branches:
Dungeon (5/15)             Temple (1/1) D:4

Altars:
Ashenzari
Cheibriados
Fedhas
Hepliaklqana
Makhleb
Nemelex Xobeh
Okawaru
Ru
Trog
Wu Jian
The Shining One

Annotations:
D:4 1 runed translucent door, nms23's ghost, amateur MiBe


Innate Abilities, Weirdness & Mutations

Armour fits poorly on your strangely shaped body.
You have extremely tough skin. (AC +3)
You have a long armoured tail.
You regenerate magic when rolling toward enemies. (Rampage MPRegen)


Message History

You kill the hobgoblin!
Okawaru accepts your kill.
You see here a hobgoblin corpse.
You now have 102 gold pieces (gained 3).
A giant cockroach comes into view.
You roll towards the giant cockroach!
You roll towards the giant cockroach!
You roll towards the giant cockroach!
The helpless giant cockroach fails to defend itself.
You hit the giant cockroach. You tail-slap the giant cockroach.
You kill the giant cockroach!
Okawaru accepts your kill.
You see here a giant cockroach corpse.
You see here a giant cockroach corpse.
A white imp comes into view.
You strike the helpless white imp from behind!
You hit the white imp but do no damage. The white imp hits you.
The white imp freezes you. The white imp gestures at you.
The puff of frost hits you!
You hit the white imp but do no damage. The white imp misses you.
You barely miss the white imp.
The white imp hits you but does no damage.
You closely miss the white imp. The white imp gestures at you.
The puff of frost hits you! The white imp gestures at you.
The puff of frost hits you.
You closely miss the white imp. The white imp gestures at you.
The puff of frost misses you.
You hit the white imp but do no damage.
Your tail-slap misses the white imp.
The white imp gestures at you. The puff of frost hits you.
* * * LOW HITPOINT WARNING * * *
You hit the white imp.
The white imp is moderately wounded.
The white imp gestures at you. The puff of frost hits you!
You die...

#### #..## ..
#.###### .. #.+SSW~
.. #.########. .####
#.......... ...#####
##### ...........
...... ....
###.##..... #5##.#
###.##### # #.# ####
#@##.####........ #
#.#
#.........#.###### #
#.#
#..#.####......... #
#.# ...#.##.#
#.#.###### ###.#
.....##.# #.#...#
.##.# ..$.)##.#
#.#...# ..#.##
#h....##.# #.#.######
.....#### #...#.##.#
#.#.......
###.....####...#.##.#
#.########


You could see a white imp.

Vanquished Creatures
  An adder (D:3)
  2 orcs (D:3)
  An endoplasm (D:3)
  2 giant cockroaches (D:4)
  A hobgoblin (D:4)
  3 jackals (D:3)
  2 kobolds (D:3)
  2 quokkas (D:3)
  3 ball pythons (D:3)
  4 frilled lizards (D:3)
21 creatures vanquished.

Notes
Turn   | Place    | Note
-------+----------+-------------------------------------------
     0 | D:5      | Arcadio the Armataur Delver began the quest for the Orb.
     0 | D:5      | Reached XP level 1. HP: 18/18 MP: 1/1
    41 | D:5      | Noticed a scorpion
    77 | D:4      | Noticed a black bear
    90 | D:4      | Found a staircase to the Ecumenical Temple.
    99 | Temple   | Entered the Ecumenical Temple
   118 | Temple   | Became a worshipper of Warmaster Okawaru
   167 | D:4      | Found a runed translucent door.
   167 | D:4      | Noticed nms23's ghost (amateur MiBe)
   219 | D:3      | Found a bloodstained altar of Trog.
   263 | D:3      | Reached XP level 2. HP: 25/25 MP: 2/2
   829 | D:3      | Reached XP level 3. HP: 31/31 MP: 3/3
   859 | D:3      | You fall into a shaft and drop 1 floor!
  1068 | D:4      | Killed from afar by a white imp

Illustrated notes

Levels and vault maps discovered:
D:3:      layout_loops_ring, trog_butcher_becter
D:4:      layout_basic, nicolae_overflow_quartered_altars,
          minmay_temple_entry_sparse_star, serial_shops, shop,
          ebering_ghost_sewer_d, nicolae_shop_sticking_my_neck_out, uniq_pargi,
          uniq_edmund
D:5:      layout_loops_ring
Temple:   compressed_dpeg_circular_temple

Skill      XL: |  1  2 |
---------------+-------+-----
Maces & Flails | 2 |  2.2
Fighting       | 3 |  3.0
Dodging        | |  1.7
Stealth        | |  5.8

Action                     || total
---------------------------++-------
  Melee: Mace              ||    55
         Tailslap          ||     8
   Stab: Sleeping          ||     6
         Distracted        ||     2
 Armour: Leather armour    ||    31
  Dodge: Dodged            ||    26
